 Dungeon Crawl Stone Soup version 0.30.1-9-gdf580d7c3d (webtiles) character file.

Game seed: 9505349405417062788

435 monsoonserge the Chopper (level 6, -2/84 HPs)
             Began as a Minotaur Berserker on Sept 27, 2023.
             Was a Believer of Trog.
             Slain by a gnoll
             ... wielding a +0 halberd
             ... led by a gnoll bouda
              (11 damage)
             ... on level 4 of the Dungeon.
             The game lasted 00:05:49 (2703 turns).

monsoonserge the Chopper (Minotaur Berserker)       Turns: 2703, Time: 00:05:50

Health: -2/84      AC:  8    Str: 23    XL:     6   Next: 68%
Magic:  5/5        EV: 12    Int:  4    God:    Trog [**....]
Gold:   150        SH:  0    Dex: 10    Spells: 5/5 levels left

rFire   . . .        a - +0 hand axe
rCold   + . .        (no shield)
rNeg    . . .        p - +2 robe {rC+}
rPois   .            (helmet restricted)
rElec   .            m - +2 cloak
rCorr   .            (no gloves)
SInv    +            q - +0 pair of boots
Will    .....        (no amulet) Stlth
                     r - ring of see invisible
HPRegen 0.34/turn    (no ring)
MPRegen 0.09/turn

%: no passive effects
@: berserking, very quick
A: horns 2, retaliatory headbutt
a: Renounce Religion, Berserk, Trog's Hand


You were on level 4 of the Dungeon.
You worshipped Trog.
Trog was pleased with you.
You visited 1 branch of the dungeon, and saw 4 of its levels.

You collected 150 gold pieces.

Inventory:

Hand Weapons
 a - a +0 hand axe (weapon)
Missiles
 u - 3 poisoned darts (quivered)
Armour
 l - a +0 chain mail
 m - a +2 cloak (worn)
 p - a +2 robe of cold resistance (worn)
 q - a +0 pair of boots (worn)
Jewellery
 h - a ring of fire
 n - a ring of ice
 r - a ring of see invisible (left hand)
Scrolls
 b - a scroll of teleportation {unknown}
 e - 2 scrolls of identify {unknown}
 k - 2 scrolls of magic mapping {unknown}
 o - a scroll of enchant weapon {unknown}
 s - a scroll of fog {unknown}
Potions
 c - 2 potions of degeneration {unknown}
 d - 3 potions of curing {unknown}
 f - a potion of attraction {unknown}
 g - 4 potions of brilliance {unknown}
 i - 2 potions of haste
 j - a potion of flight {unknown}
 t - a potion of resistance {unknown}


   Skills:
 + Level 5.3 Fighting
 + Level 6.1 Axes
 + Level 5.0 Armour
 + Level 3.3 Dodging
 + Level 0.9 Stealth


You had 5 spell levels left.
You didn't know any spells.
Your spell library contained the following spells:

 Spells                   Type           Power      Damage    Failure   Level
 Ensorcelled Hibernation  Hex/Ice        0%         N/A       65%         2
 Passwall                 Tmut/Erth      0%         N/A       65%         2
 Call Canine Familiar     Summ           0%         N/A       86%         3
 Portal Projectile        Hex/Tloc       0%         N/A       86%         3
 Swiftness                Air            0%         N/A       86%         3
 Tukima's Dance           Hex            0%         N/A       86%         3
 Leda's Liquefaction      Hex/Erth       0%         N/A       99%         4
 Passage of Golubria      Tloc           0%         N/A       99%         4
 Yara's Violent Unravell  Hex/Tmut       0%         3d3       100%        5


Dungeon Overview and Level Annotations

Branches:
Dungeon (4/15)
 Temple: D:4-7

Altars:


Innate Abilities, Weirdness & Mutations

You have a pair of horns on your head.
You reflexively headbutt those who attack you in melee.


Message History

The gnoll bouda is almost dead.
The gnoll hits you from afar with a +0 halberd.
The gnoll closely misses you.
The gnoll bouda hits you with a +0 whip.
You slash the gnoll bouda!
You kill the gnoll bouda!
Trog accepts your kill.
The gnoll hits you from afar with a +0 halberd!
The gnoll hits you from afar with a +0 halberd.
Your Armour skill increases to level 5!
The gnoll closely misses you. The gnoll hits you with a +0 halberd.
Items here: ( )) [[.
You hit the gnoll but do no damage. You headbutt the gnoll.
The gnoll is moderately wounded.
The gnoll barely misses you. The gnoll closely misses you.
You hit the gnoll but do no damage.
The gnoll is moderately wounded.
The gnoll closely misses you. The gnoll hits you with a +0 halberd.
* * * LOW HITPOINT WARNING * * *
You barely miss the gnoll.
The gnoll is moderately wounded.
The gnoll closely misses you. x2
A red film seems to cover your vision as you go berserk!
You feel yourself moving faster!
You feel mighty!
The gnoll hits you from afar with a +0 halberd.
* * * LOW HITPOINT WARNING * * *
The gnoll hits you with a +0 halberd.
* * * LOW HITPOINT WARNING * * *
You closely miss the gnoll.
The gnoll is moderately wounded.
The gnoll hits you from afar with a +0 halberd!
* * * LOW HITPOINT WARNING * * *
The gnoll barely misses you.
You hit the gnoll.
The gnoll is heavily wounded.
You closely miss the gnoll.
The gnoll is heavily wounded.
The gnoll barely misses you.
The gnoll hits you from afar with a +0 halberd!
You die...

.[.##.#####.## #.#
###.# # #.# ##.# #
#.#.# #.# ##.#.#
###...# #.# ##.###.#
...#### #.###...# #..
#.#########†##..#.#
#.#
#.........#.###.).# ##
#########.#.####.##
.............#@.#
##.###...>....g$g.....
#..#.##.##.##.###
#..#.##.# .# # #..#...
. .. #..#### #.## #...
.# #.## .#


You could see 2 gnolls.

Vanquished Creatures
  Sigmund (D:3)
  A water moccasin (D:3)
  A hound (D:4)
  A gnoll bouda (D:4)
  A gnoll (D:4)
  4 adders
  A worm (D:4)
  4 dart slugs
  9 orcs
  3 ball pythons
  4 endoplasms
  A giant cockroach (D:2)
  5 goblins (D:1)
  4 hobgoblins
  A kobold (D:1)
  2 quokkas (D:2)
  6 bats
  5 frilled lizards
  3 rats (D:1)
57 creatures vanquished.

Notes
Turn   | Place    | Note
-------+----------+-------------------------------------------
     0 | D:1      | monsoonserge the Minotaur Berserker began the quest for the
                  | Orb.
     0 | D:1      | Reached XP level 1. HP: 19/19 MP: 0/0
   101 | D:1      | Reached XP level 2. HP: 15/27 MP: 1/1
   245 | D:1      | Reached skill level 4 in Axes
   871 | D:2      | Reached ** piety under Trog
   872 | D:2      | Reached XP level 3. HP: 17/33 MP: 2/2
  1456 | D:3      | Noticed a water moccasin
  1871 | D:3      | Noticed Sigmund
  1951 | D:3      | Killed a water moccasin
  1952 | D:3      | Reached skill level 5 in Axes
  1952 | D:3      | Reached XP level 4. HP: 41/41 MP: 3/3
  1952 | D:3      | Reached XP level 5. HP: 47/47 MP: 4/4
  2254 | D:3      | Killed Sigmund
  2255 | D:3      | Reached skill level 5 in Fighting
  2255 | D:3      | Reached XP level 6. HP: 56/56 MP: 5/5
  2687 | D:4      | Reached skill level 6 in Axes
  2696 | D:4      | Reached skill level 5 in Armour
  2703 | D:4      | Slain by a gnoll

Illustrated notes

Levels and vault maps discovered:
D:1:      dpeg_arrival_ternary, layout_basic
D:2:      layout_loops_ring
D:3:      layout_basic, serial_aquarium, aquarium_bridge_straight
          [aquarium_subvault_bridge, aquarium_subvault_wall,
          aquarium_subvault_bridge, aquarium_subvault_wall], aquarium_window_2,
          aquarium_window_3, aquarium_window_1, aquarium_view_2b,
          aquarium_balcony_double_1, kennysheep_nondescript, st_stairs_6,
          hex_medium, minmay_stone_trees_small, uniq_sigmund
D:4:      layout_loops_ring

Skill      XL: |  1  2  3  4  5  6 |
---------------+-------------------+-----
Fighting       | 4 5 |  5.3
Axes           | 4 5 6 |  6.1
Armour         | 3 4 5 |  5.0
Dodging        | 3 |  3.3
Stealth        | |  0.9

Action                     |  1- 3 |  4- 6 || total
---------------------------+-------+-------++-------
  Melee: Hand axe          |    88 |    56 ||   144
         Headbutt          |    18 |     5 ||    23
         Punch             |     3 |     2 ||     5
 Invoke: Berserk           |     1 |     2 ||     3
 Armour: Animal skin       |     2 |       ||     2
         Ring mail         |     5 |       ||     5
         Chain mail        |    21 |     5 ||    26
         Robe              |       |     7 ||     7
  Dodge: Dodged            |    55 |    46 ||   101
